 Dungeon Crawl Stone Soup version 0.31.0-9-g3a7656b989 (webtiles) character file.

Game seed: 5442046819367406143

96 qw the Shooter (level 4, -3/22 HPs)
             Began as a Spriggan Hunter on Feb 3, 2024.
             Slain by a goblin
             ... wielding a +0 club
             ... led by Robin
              (6 damage)
             ... on level 3 of the Dungeon.
             The game lasted 00:00:28 (1147 turns).

qw the Shooter (Spriggan Hunter)                    Turns: 1147, Time: 00:00:29

Health: -3/22      AC:  2    Str:  7    XL:     4   Next: 41%
Magic:  5/5        EV: 21    Int: 12    God:
Gold:   98         SH:  0    Dex: 26    Spells: 3/3 levels left

rFire   + . .        a - +0 shortbow
rCold   x . .        (shield currently unavailable)
rNeg    . . .        c - +0 robe
rPois   +            (helmet restricted)
rElec   .            (no cloak)
rCorr   .            (gloves unavailable)
SInv    +            (boots unavailable)
Will    .....        (no amulet)
Stlth   +            i - ring of poison resistance
HPRegen 0.23/turn    d - ring "Jismunae" {Fire *Slow Int+2 Dex+6 Stlth-}
MPRegen 0.09/turn

%: slow self (1%)
@: about to teleport, very quick
A: very small, no large weapons, unfitting armour, see invisible, speed 3
a: no special abilities


You were on level 3 of the Dungeon.
You visited 1 branch of the dungeon, and saw 3 of its levels.

You collected 98 gold pieces.


Innate Abilities, Weirdness & Mutations

You are very small and have problems with some larger weapons.
You are too small for most types of armour.
You have supernaturally acute eyesight. (SInv)
You cover ground extremely quickly. (Speed+++)


   Skills:
 - Level 1.5 Fighting
 - Level 5.1 Ranged Weapons
 + Level 4.7 Dodging
 - Level 1.5 Stealth


You had 3 spell levels left.
You didn't know any spells.
Your spell library was empty.

Inventory:

Hand Weapons
 a - a +0 shortbow (weapon)
Armour
 c - a +0 robe (worn)
Jewellery
 d - the ring "Jismunae" (right hand) {Fire *Slow Int+2 Dex+6 Stlth-}
   (You found it on level 2 of the Dungeon)

   [ring of fire]

   Fire:      It enhances your fire magic.
   Int+2:     It affects your intelligence (+2).
   Dex+6:     It affects your dexterity (+6).
   rF+:       It protects you from fire.
   rC-:       It makes you vulnerable to cold.
   *Slow:     It may slow you when you take damage.
   Stlth-:    It makes you less stealthy.
 i - a ring of poison resistance (left hand)
Potions
 e - a potion of enlightenment
 f - a potion of mutation
 j - a potion of curing
 l - a potion of haste

Dungeon Overview and Level Annotations

Branches:
Dungeon (3/15)

Altars:

Shops:
D:1 =(**

Annotations:
D:3 Robin


Message History

Robin throws the goblin at you! The goblin closely misses you.
You shoot an arrow.
The arrow hits the adder but does no damage.
The goblin closely misses you. The adder misses you.
You shoot an arrow. The arrow hits the adder.
The adder is lightly wounded.
The adder closely misses you. Robin throws the goblin at you!
The goblin hits you with a +0 club.
The goblin unwields a +0 sling.
The goblin wields a +0 dagger.
The goblin misses you. The adder misses you.
You shoot an arrow.
The arrow hits the goblin but does no damage.
The goblin is severely wounded.
The goblin closely misses you. The adder misses you.
The goblin completely misses you. The goblin misses you.
You shoot an arrow. The arrow barely misses the goblin.
The adder completely misses you. The goblin misses you. x2
The adder misses you.
You shoot an arrow. The arrow closely misses the goblin.
The goblin hits you but does no damage. The adder closely misses you.
The goblin closely misses you. The goblin completely misses you.
You shoot an arrow. The arrow hits the goblin.
You kill the goblin!
The adder bites you but does no damage. The goblin misses you.
The adder barely misses you.
You shoot an arrow. The arrow barely misses the adder.
The adder barely misses you. The goblin hits you with a +0 club.
1145 ||| READING scroll of teleportation.
As you read the scroll of teleportation, it crumbles to dust.
You feel strangely unstable. The adder misses you.
The goblin barely misses you. The adder closely misses you.
You shoot an arrow. The arrow closely misses the adder.
The goblin barely misses you. The adder misses you.
You shoot an arrow. The arrow hits the adder.
The adder is severely wounded.
The goblin no longer looks unusually strong.
The adder closely misses you. The goblin misses you.
The adder completely misses you. Robin throws the goblin at you!
The goblin completely misses you. The goblin hits you with a +0 club.
You die...

....). ....)
...) .). gg
.#######g
..)...gS#
#@#########
#g........#
#.........#
#......#..#
#......#..#
#...####..# #
#...# #..#
##.#...####..#
.............#


You could see Robin, an adder and 4 goblins.

Vanquished Creatures
  Jessica (D:2)
  3 adders (D:2)
  2 ribbon worms (D:2)
  A ball python (D:3)
  3 endoplasms
  A giant cockroach (D:2)
  12 goblins
  A hobgoblin (D:1)
  A jackal (D:1)
  2 bats (D:1)
  4 kobolds
  6 rats
37 creatures vanquished.

Notes
Turn   | Place    | Note
-------+----------+-------------------------------------------
     0 | D:1      | qw the Spriggan Hunter began the quest for the Orb.
     0 | D:1      | Reached XP level 1. HP: 10/10 MP: 2/2
     0 | D:1      | 0 ||| qw: Version: 0.3-a-155-g5e7d8dd
     0 | D:1      | 0 ||| qw: Game counter: 3000
     0 | D:1      | 0 ||| qw: Melee chars always use a shield: true
     0 | D:1      | 0 ||| qw: God list: Okawaru
     0 | D:1      | 0 ||| qw: Allow faded altars: false
     0 | D:1      | 0 ||| qw: Do Orc after clearing Dungeon:15 true
     0 | D:1      | 0 ||| qw: Do second Lair branch before Depths: true
     0 | D:1      | 0 ||| qw: Lair rune preference: random
     0 | D:1      | 0 ||| qw: Goals: Normal
     0 | D:1      | 0 ||| PLANNING D:1-11
     8 | D:1      | Reached skill level 3 in Dodging
    35 | D:1      | Found Juimeas's Jewellery Boutique.
    42 | D:1      | 42 ||| SHOPLISTING +4 ring of protection (360 gold, have
                  | 8).
    42 | D:1      | 42 ||| SHOPLISTING amulet of faith (400 gold, have 8).
    42 | D:1      | 42 ||| SHOPLISTING amulet of reflection (300 gold, have 8).
    42 | D:1      | 42 ||| SHOPLISTING ring "Xuf Kyr" {rCorr Int+4 Dex+4
                  | Stlth-} (424 gold, have 8).
    42 | D:1      | 42 ||| SHOPLISTING ring of poison resistance (200 gold,
                  | have 8).
    42 | D:1      | 42 ||| SHOPLISTING ring of the Hare {EV+10} (1280 gold,
                  | have 8).
    42 | D:1      | 42 ||| SHOPLISTING ring of willpower (250 gold, have 8).
    80 | D:1      | Found Pileax's Antique Weapon Boutique.
    88 | D:1      | 88 ||| SHOPLISTING glowing shortbow (108 gold, have 8).
   115 | D:1      | Found Killoqae's General Store.
   129 | D:1      | 129 ||| SHOPLISTING 2 potions of resistance (260 gold, have
                  | 12).
   129 | D:1      | 129 ||| SHOPLISTING ring of positive energy (260 gold, have
                  | 12).
   140 | D:1      | Reached XP level 2. HP: 14/14 MP: 3/3
   179 | D:1      | Found Fuilexze's General Store.
   191 | D:1      | 191 ||| SHOPLISTING scroll of teleportation (36 gold, have
                  | 24).
   227 | D:1      | Found a faded altar of an unknown god.
   495 | D:1      | 495 ||| UPGRADING to ring of poison resistance.
   496 | D:1      | 496 ||| READING scroll labelled OLOT ITEOPPAMP.
   500 | D:1      | 500 ||| SHOPLISTING ring of poison resistance (200 gold,
                  | have 40).
   500 | D:1      | 500 ||| READING scroll labelled JAZANA LEUWOHOXE.
   500 | D:1      | 500 ||| ENCHANTING +0 shortbow.
   501 | D:1      | 501 ||| READING 2 scrolls labelled KUZIS GASIEKK.
   501 | D:1      | 501 ||| IDENTIFYING amethyst potion
   502 | D:1      | 502 ||| READING scroll of identify.
   502 | D:1      | 502 ||| IDENTIFYING fuming puce potion
   503 | D:1      | 503 ||| DRINKING 2 lumpy clear potions.
   504 | D:1      | 504 ||| DROPPING scroll of butterflies.
   505 | D:1      | 505 ||| DROPPING potion of brilliance.
   506 | D:1      | 506 ||| DROPPING potion of invisibility.
   565 | D:2      | Reached XP level 3. HP: 18/18 MP: 4/4
   612 | D:2      | Identified the ring "Jismunae" {Fire *Slow Int+2 Dex+6
                  | Stlth-}
   680 | D:2      | Noticed Jessica
   683 | D:2      | Killed Jessica
   684 | D:2      | Reached skill level 5 in Ranged Weapons
   732 | D:2      | Reached XP level 4. HP: 19/22 MP: 5/5
  1074 | D:2      | 1074 ||| UPGRADING to ring "Jismunae" {Fire *Slow Int+2
                  | Dex+6 Stlth-}.
  1075 | D:2      | 1075 ||| READING 3 scrolls of identify.
  1075 | D:2      | 1075 ||| IDENTIFYING fuming cyan potion
  1076 | D:2      | 1076 ||| READING 2 scrolls of identify.
  1076 | D:2      | 1076 ||| IDENTIFYING fuming white potion
  1077 | D:2      | 1077 ||| READING scroll of identify.
  1077 | D:2      | 1077 ||| IDENTIFYING silvery potion
  1078 | D:2      | 1078 ||| READING scroll labelled QEPHON FADAODD.
  1130 | D:3      | Noticed Robin
  1144 | D:3      | HP: 3/22 [goblin/+0 club[Robin] (5)]
  1145 | D:3      | 1145 ||| READING scroll of teleportation.
  1147 | D:3      | Slain by a goblin

Levels and vault maps discovered:
D:1:      matt_arrival_debris, layout_basic,
          shapermc_ecumenical_altar_acropolis, serial_shops, shop, shop, shop,
          shop, minmay_close_crescents
D:2:      layout_rooms, uniq_jessica
D:3:      layout_basic, nicolae_dithmenos_through_a_glass_darkly,
          minmay_surrounded, uniq_robin

Skill      XL: |  1  2  3 |
---------------+----------+-----
Dodging        | 3 4 |  4.7
Ranged Weapons | 5 |  5.1
Fighting       | |  1.5
Stealth        | |  1.5

Action                     |  1- 3 |  4- 6 || total
---------------------------+-------+-------++-------
   Fire: Shortbow          |    69 |    46 ||   115
    Use: Scroll            |     4 |     5 ||     9
         Potion            |     1 |       ||     1
 Armour: Robe              |     6 |    11 ||    17
  Dodge: Dodged            |    27 |    41 ||    68

Table legend:
 A = Non-vault XP
 B = Vault XP
 C = Vault XP percentage of total XP
 D = Non-vault monster count
 E = Vault monster count
 F = Vault count percentage of total count
                 A         B        C        D         E       F
            +---------+---------+-------+---------+---------+-------
      Total |      75 |      63 |  45.7 |      23 |      14 |  37.8
            +---------+---------+-------+---------+---------+-------
        D:1 |      15 |       8 |  34.8 |      11 |       4 |  26.7
        D:2 |      58 |      37 |  38.9 |      10 |       1 |   9.1
        D:3 |       2 |      18 |  90.0 |       2 |       9 |  81.8
            +---------+---------+-------+---------+---------+-------
